 Dungeon Crawl Stone Soup version 0.29.1-15-g9cfb28693d (webtiles) character file.

Game seed: 5994207346400674449

103 Gumption the Chopper (level 4, -2/41 HPs)
             Began as a Minotaur Berserker on Mar 21, 2023.
             Was a Believer of Trog.
             Killed from afar by an orc wizard (6 damage)
             ... with a puff of flame
             ... on level 3 of the Dungeon.
             The game lasted 00:15:02 (3107 turns).

Gumption the Chopper (Minotaur Berserker)           Turns: 3107, Time: 00:15:03

Health: -2/41      AC:  7    Str: 23    XL:     4   Next: 51%
Magic:  3/3        EV:  6    Int:  4    God:    Trog [**....]
Gold:   124        SH:  0    Dex: 10    Spells: 3/3 levels left

rFire   . . .      SeeInvis .   a - +0 hand axe
rCold   . . .      Faith    .   o - +0 tower shield
rNeg    . . .      Spirit   .   m - +0 ring mail
rPois   .          Reflect  .   j - +1 hat
rElec   .          Harm     .   (no cloak)
rCorr   .          Rampage  .   (no gloves)
Will    .....                   n - +0 pair of boots
Stlth   ..........              (no amulet)
HPRegen 0.13/turn               (no ring)
MPRegen 0.08/turn               (no ring)

@: confused
A: horns 2, retaliatory headbutt
a: Renounce Religion, Berserk, Trog's Hand


You were on level 3 of the Dungeon.
You worshipped Trog.
Trog was pleased with you.
You visited 1 branch of the dungeon, and saw 3 of its levels.

You collected 124 gold pieces.

Inventory:

Hand Weapons
 a - a +0 hand axe (weapon)
 b - a +1 dagger of electrocution
Armour
 j - a +1 hat (worn)
 m - a +0 ring mail (worn)
 n - a +0 pair of boots (worn)
 o - a +0 tower shield (worn)
Scrolls
 c - a scroll of magic mapping
 d - a scroll of immolation {unknown}
 e - a scroll of blinking {unknown}
 f - a scroll of identify {unknown}
 g - 4 scrolls of teleportation
 h - a scroll of amnesia {unknown}
Potions
 i - 2 potions of curing {unknown}
 k - a potion of degeneration {unknown}
 l - a potion of haste {unknown}


   Skills:
 + Level 4.5 Fighting
 * Level 5.2 Axes
 + Level 3.5 Armour
 - Level 2.1 Dodging
 * Level 0.1 Shields


You had 3 spell levels left.
You didn't know any spells.
Your spell library was empty.

Dungeon Overview and Level Annotations

Branches:
Dungeon (3/15)

Altars:


Innate Abilities, Weirdness & Mutations

You have a pair of horns on your head.
You reflexively headbutt those who attack you in melee.


Message History

Something hits you but does no damage.
You hear some strange, mumbled words.
You are more confused.
Something hits you but does no damage.
You see here a ring of see invisible.
Okay, then.
You hit something.
You hear some strange, mumbled words.
Something tries to affect you, but you resist.
You're too confused to move!
Something hits you.
* * * LOW HITPOINT WARNING * * *
You hear some strange, mumbled words.
A magic dart appears from out of thin air!
The magic dart hits you.
* * * LOW HITPOINT WARNING * * *
Something hits you but does no damage.
Things that are here:
a +0 club; a +0 leather armour; an orc corpse You miss something.
Something hits you but does no damage. x2
You closely miss something. Your headbutt misses something.
You hear some strange, mumbled words.
A puff of flame appears from out of thin air!
The puff of flame hits you.
* * * LOW HITPOINT WARNING * * *
You closely miss something.
You feel less confused.
You hear some strange, mumbled words.
You are confused.
Something hits you.
* * * LOW HITPOINT WARNING * * *
You completely miss something. Your headbutt misses something.
Something hits you but does no damage.
You hear some strange, mumbled words.
Something tries to affect you, but you resist.
Items here: ! ( ) =.
You're too confused to move!
Something hits you but does no damage.
You hear some strange, mumbled words.
A puff of flame appears from out of thin air!
The puff of flame hits you.
You die...

#.........# ..
#..[......# ...
#.........# ##..
#.........# ##...
#<........# #..#
#.........###.#
#.........#...####
##................#
##..#.##...###..@..#
...##....### #..{).#
.###..>### #.)...#
......## #..=..#
......# ###.##.....
........ ..........
.#.....#
....##....(.
.....#.. .......
####.# #..#.# #
.#..... .


There were no monsters in sight!

Vanquished Creatures
  4 gnolls (D:2)
  A worm (D:2)
  A dart slug (D:2)
  2 orcs (D:3)
  8 bats
  4 endoplasms
  4 giant cockroaches
  4 goblins
  4 hobgoblins
  4 quokkas
  6 ball pythons
  3 ball python skeletons (D:2)
  2 frilled lizards (D:1)
  3 kobolds
  5 rats (D:2)
  A spectral kobold (D:1)
56 creatures vanquished.

Vanquished Creatures (others)
  A ghoul (D:1)
  A minotaur (D:1)
  A demonspawn (D:1)
  An octopode (D:1)
  2 formicids (D:1)
  A vampire (D:1)
  A spriggan (D:1)
  A demigod (D:1)
  An orc (D:1)
  2 kobolds (D:1)
  9 tentacles (D:1)
  2 withered plants (D:2)
23 creatures vanquished.

Grand Total: 79 creatures vanquished

Notes
Turn   | Place    | Note
-------+----------+-------------------------------------------
     0 | D:1      | Gumption the Minotaur Berserker began the quest for the
                  | Orb.
     0 | D:1      | Reached XP level 1. HP: 19/19 MP: 0/0
     0 | D:1      | Noticed a spriggan
     0 | D:1      | Noticed a demonspawn
     0 | D:1      | Noticed a formicid
     0 | D:1      | Noticed a ghoul
     0 | D:1      | Noticed a kraken
     0 | D:1      | Noticed a minotaur
     0 | D:1      | Noticed a demigod
     0 | D:1      | Noticed an octopode
     0 | D:1      | Noticed a vampire
     0 | D:1      | Noticed a formicid
     4 | D:1      | Killed an octopode
    10 | D:1      | Killed a spriggan
    11 | D:1      | Killed a demigod
    11 | D:1      | Killed a ghoul
    17 | D:1      | Killed a demonspawn
    19 | D:1      | Killed a formicid
    20 | D:1      | Killed a vampire
    22 | D:1      | Killed a formicid
    23 | D:1      | Killed a minotaur
   371 | D:1      | Reached skill level 4 in Axes
   374 | D:1      | Reached XP level 2. HP: 27/27 MP: 1/1
   778 | D:1      | Found a faded altar of an unknown god.
   895 | D:1      | Reached ** piety under Trog
  1550 | D:2      | Reached XP level 3. HP: 31/33 MP: 2/2
  2222 | D:2      | Reached skill level 5 in Axes
  2222 | D:2      | Reached XP level 4. HP: 18/41 MP: 3/3
  3107 | D:3      | Killed from afar by an orc wizard

Illustrated notes

Levels and vault maps discovered:
D:1:      nicolae_arrival_kraken_aquarium_a, layout_loops_corners,
          dreamdust_ecumenical_altar_drowned_temple
D:2:      layout_loops_corners, serial_undead, serial_undead_d, serial_undead_f,
          serial_undead_b, serial_undead_d, serial_undead_b, minmay_tromino_v4_b
D:3:      layout_rooms, uniq_sigmund

Skill      XL: |  1  2  3 |
---------------+----------+-----
Axes           | 4 5 |  5.2
Fighting       | 4 |  4.5
Armour         | 3 |  3.5
Dodging        | |  2.1
Shields        | |  0.1

Action                   |  1- 3 |  4- 6 || total
-------------------------+-------+-------++-------
Melee: Hand axe          |    95 |    44 ||   139
       Headbutt          |     4 |     2 ||     6
Invok: Berserk           |     1 |       ||     1
       Trog's Hand       |     1 |       ||     1
  Use: Scroll            |       |     3 ||     3
Armor: Animal skin       |     8 |       ||     8
       Ring mail         |     8 |    28 ||    36
Dodge: Dodged            |    62 |    19 ||    81
Block: Tower shield      |       |     3 ||     3
